 Dungeon Crawl Stone Soup version 0.19.0-9-gfd783f2 (webtiles) character file.

870 Grim the Carver (level 7, -4/57 HPs)
             Began as a Minotaur Fighter on Nov 7, 2016.
             Slain by Grinder (5 damage)
             ... while paralysed by Grinder
             ... on level 5 of the Dungeon.
             The game lasted 00:12:03 (5292 turns).

Grim the Carver (Minotaur Fighter)                  Turns: 5292, Time: 00:12:03

Health: -4/57      AC:  6    Str: 20    XL:     7   Next: 73%
Magic:  15/15      EV:  2    Int:  5    God:
Gold:   260        SH:  0    Dex: 12    Spells: 0 memorised, 6 levels left

rFire  . . .     SeeInvis .     a - +0 long sword
rCold  + + +     Gourm    .     r - +4 skin of Zhor {rC+++}
rNeg   . . .     Faith    .     (no shield)
rPois  .         Spirit   .     (helmet restricted)
rElec  .         Reflect  +     (no cloak)
rCorr  .         Harm     .     (no gloves)
MR     .....                    (no boots)
Stlth  ++........               q - +3 amulet of reflection
                                (no ring)
                                c - ring of magical power

@: paralysed
A: retaliatory headbutt, horns 2
a: no special abilities


You were on level 5 of the Dungeon.
You were not hungry.

You visited 1 branch of the dungeon, and saw 5 of its levels.
You also visited: Sewer.

You collected 260 gold pieces.

Inventory:

Hand Weapons
 a - a +0 long sword (weapon)
Armour
 r - the +4 skin of Zhor (worn) {rC+++}
   (You found it on level 4 of the Dungeon)

   It renders you almost immune to cold.
 y - a +0 chain mail
Jewellery
 c - a ring of magical power (left hand)
 q - a +3 amulet of reflection (around neck)
Scrolls
 e - 3 scrolls of magic mapping {unknown}
 i - a scroll of noise {unknown}
 l - a scroll of enchant armour {unknown}
 n - 3 scrolls of identify
 o - 4 scrolls of remove curse
 s - 2 scrolls of teleportation {unknown}
Potions
 b - a potion of mutation {unknown}
 g - 4 potions of brilliance
 h - 2 potions of lignification {unknown}
 k - a potion of resistance {unknown}
 p - a potion of cure mutation {unknown}
 t - 3 potions of agility {unknown}
 u - 6 potions of curing {unknown}
 v - 3 potions of heal wounds
 w - a potion of might
 x - a potion of berserk rage {unknown}
Books
 m - a book of Cantrips

   Spells                             Type                      Level
   a - Confusing Touch                Hexes                        1
   b - Animate Skeleton               Necromancy                   1
   c - Summon Small Mammal            Summoning                    1
   d - Apportation                    Translocation                1
Comestibles
 d - 3 meat rations
 f - 5 bread rations
 j - 2 fruits
 z - 4 chunks of flesh


   Skills:
 - Level 3.6 Fighting
 + Level 10.2 Long Blades
 - Level 3.6 Armour
 - Level 2.3 Dodging
 - Level 1.0 Stealth
   Level 3.6 Shields


You had 6 spell levels left.
You didn't know any spells.

Dungeon Overview and Level Annotations

Branches:
Dungeon (5/15)
 Temple: D:4-7

Altars:

Annotations:
D:5 Grinder


Innate Abilities, Weirdness & Mutations

You reflexively headbutt those who attack you in melee.
You have a pair of horns on your head.


Message History

Grinder is severely wounded.
Grinder gestures at you. Pain shoots through your body!
You slash Grinder!
Grinder is almost dead.
Grinder gestures at you. Pain shoots through your body!
* * * LOW HITPOINT WARNING * * *
You are too injured to fight recklessly!
You are too injured to fight recklessly!
You are too injured to fight recklessly!
You closely miss Grinder. You headbutt Grinder.
Grinder is almost dead.
Grinder gestures at you.
You suddenly lose the ability to move!
Grinder blinks!
Grinder hits you!
* * * LOW HITPOINT WARNING * * *
You writhe in agony.
You die...

###....###.# #.#
.........#.# #.#
.........#.# #.#
.........#.# #.#
.........#.# #.#
.........#.#
.........#.#.#####
######.###.#...ยง.#
######.# #.# #@# #####
.......#
#.#####5#..(...
..###### #.#.........#
..########.#.##.####.#
..#........#.##.#
###........#..#.#
###.(......##.#.#
...........##.#..
...........##.####


You could see Grinder.

Vanquished Creatures
  Sigmund (D:3)
  A centaur (D:5)
  A big kobold (Sewer)
  The ghost of Pepeogr the Shield-Bearer, a weakling DrFi of the Shining One (D:3)
  A crimson imp (D:5)
  3 orc priests
  2 orc wizards
  Jessica (D:3)
  Natasha (thrice) (D:4)
  A worker ant (D:5)
  2 hound skeletons
  Robin (D:3)
  6 adders
  3 oozes
  A worm (D:2)
  2 dart slugs (D:1)
  2 leopard geckos (D:4)
  12 orcs
  3 ball pythons
  6 giant cockroaches
  13 goblins
  10 hobgoblins
  2 jackals (D:2)
  19 kobolds
  2 quokkas
  6 bats
  10 frilled lizards
  9 rats
124 creatures vanquished.

Notes
Turn   | Place    | Note
-------+----------+-------------------------------------------
     0 | D:1      | Grim the Minotaur Fighter began the quest for the Orb.
     0 | D:1      | Reached XP level 1. HP: 19/19 MP: 0/0
    80 | D:1      | Reached skill level 3 in Long Blades
    87 | D:1      | Reached XP level 2. HP: 17/26 MP: 1/1
   517 | D:1      | Reached skill level 4 in Long Blades
   593 | D:1      | Reached XP level 3. HP: 31/31 MP: 2/2
  1303 | D:2      | Reached skill level 5 in Long Blades
  1369 | D:2      | Reached XP level 4. HP: 39/39 MP: 3/3
  1831 | D:3      | Noticed Sigmund
  1845 | D:3      | Killed Sigmund
  1845 | D:3      | Reached skill level 7 in Long Blades
  1845 | D:3      | Reached skill level 1 in Dodging
  1845 | D:3      | Reached XP level 5. HP: 21/45 MP: 4/4
  2020 | D:3      | Noticed Jessica
  2035 | D:3      | Killed Jessica
  2035 | D:3      | Reached XP level 6. HP: 41/51 MP: 5/5
  2165 | D:3      | Noticed Pepeogr's ghost (weakling DrFi)
  2180 | D:3      | Killed Pepeogr's ghost
  2401 | D:3      | Reached skill level 8 in Long Blades
  3267 | D:3      | Noticed Robin
  3279 | D:3      | Killed Robin
  3526 | D:4      | Noticed Natasha
  3534 | D:4      | Killed Natasha
  3764 | D:4      | Noticed Natasha
  3769 | D:4      | Killed Natasha
  3769 | D:4      | Reached skill level 1 in Stealth
  3805 | D:4      | Noticed Natasha
  3815 | D:4      | Killed Natasha
  3815 | D:4      | Reached XP level 7. HP: 40/57 MP: 6/6
  4119 | D:4      | Found a glowing drain.
  4142 | Sewer    | Entered a sewer
  4370 | Sewer    | Reached skill level 9 in Long Blades
  4699 | D:5      | Entered Level 5 of the Dungeon
  5266 | D:5      | Reached skill level 10 in Long Blades
  5278 | D:5      | Noticed Grinder
  5289 | D:5      | Paralysed by Grinder for 5 turns
  5292 | D:5      | HP: 1/57 [Grinder (10)]
  5292 | D:5      | Slain by Grinder

Skill      XL: |  1  2  3  4  5  6  7 |
---------------+----------------------+-----
Long Blades    | 3 4 5 7 8 10 | 10.2
Dodging        | 1 2 |  2.3
Stealth        | 1 |  1.0
Fighting       | |  3.6
Armour         | |  3.6
Shields        | |  3.6

Action                   |  1- 3 |  4- 6 |  7- 9 || total
-------------------------+-------+-------+-------++-------
Melee: Long sword        |    84 |   107 |    95 ||   286
       Headbutt          |     9 |    19 |    14 ||    42
  Use: Scroll            |     6 |       |       ||     6
       Potion            |       |     3 |       ||     3
 Stab: Sleeping          |       |       |     1 ||     1
  Eat: Chunk             |     1 |     8 |     5 ||    14
Armor: Scale mail        |    35 |    22 |       ||    57
       Animal skin       |       |     7 |    32 ||    39
Dodge: Dodged            |    39 |    45 |    65 ||   149
Block: Other             |       |     4 |    11 ||    15
       Rpst.: Long sword |    10 |     9 |    10 ||    29
